Unix NetHack Version 3.7.0-102 Work-in-progress - last build Apr 6 2024 13:22:21 (d302a6a9ff6341f1a922d8f5af178406b35fdf99,branch:master). Game began 2024-04-13 20:29:23, ended 2024-04-20 11:58:39. DoktorL, lawful male dwarven Caveman @ --------- @|.......| --------------- |.......| ----- |.....)....a%.| |..._...| |...a a @ | ---------.@-- --- |...@...| --------- --.Y--------- |.......|A..-- --... | |.......| | --....&.N-- --A@A|a......|a M|.....@a|w.O@---..... q |. ----.---- @|--..A..&D@.---aA.a|..a*a..| |..Aa..aaAAx.a...@a..a |.A....@A.....||.a%........-a@aaA-s.@h...|D @ |.D@....|..aA---J..q@a.f ---.....A...-----.a)@A....---.a.A|a@.a...|@ w|...t...|...-- --.DaAa. -----E----- --.....&.-- --A..|...@..A| @---------N.-- ----.-- ..A%...- ----.-- --.N--------- ' @ B ...| |.'@------- ..a.@... ------...--- |... A @ ----- |..Hg...a.|x A..$.....|............ ----- ------..A-- .......--....A@A...... |?...-- ..HDAQ--.....AV....... ---dqa----R----...H.AD.A...... |...a..D.Aa@0...V.......... -------------------------- DoktorL the Wayfarer St:25 Dx:17 Co:17 In:9 Wi:14 Ch:8 Lawful S:1128826 Astral Plane $:0 HP:131(184) Pw:6(6) AC:-23 Xp:15/207441 T:40475 Latest messages: Pick an object. You hit the giant beetle with the cockatrice corpses. The giant beetle is slowing down. The giant beetle turns to stone. The giant ant turns to flee. You hit the giant ant with the cockatrice corpses. The giant ant is slowing down. The giant ant turns to stone. The soldier ant turns to flee. Death moves the gold dragon out of the way! You hear a mumbled curse. The Angel of Moloch points at you, then curses. The Angel of Moloch points at you, then curses. You hit the soldier ant with the cockatrice corpses. The soldier ant is slowing down. The soldier ant turns to stone. The Angel of Ishtar points at you, then curses. "Doth pain excite thee? Wouldst thou prefer the whip?" The Angel of Moloch points at you, then curses. Pick an object. What do you want to zap? [bdhk-mprw-yA-CF or ?*] In what direction? Yitzhak the Spelunker vanishes and reappears farther away. Pick an object. What do you want to eat? [gnS or ?*] You feel sick. You turn to stone. But wait... Your medallion begins to glow! You feel much better! The medallion crumbles to dust! The Angel of Ishtar points at you, then curses. "Hast thou considered masking thine odour?" The Angel of Moloch points at you, then curses. You hear a mumbled curse. A sasquatch suddenly appears close by! You survived that attempt on your life. # What do you want to sacrifice? [K or ?*] You offer the Amulet of Yendor to Anu... An invisible choir sings, and you are bathed in radiance... The voice of Anu booms: "Mortal, thou hast done well!" "In return for thy service, I grant thee the gift of Immortality!" You ascend to the status of Demigod... Do you want your possessions identified? [ynq] (y) Do you want to see your attributes? [ynq] (y) Do you want an account of creatures vanquished? [ynaq] (y) Do you want a list of species genocided? [ynaq] (y) Do you want to see your conduct and achievements? [ynq] (y) Do you want to see the dungeon overview? [ynq] (y) Inventory: Weapons W - 7 +1 elven daggers (at the ready) a - the blessed +6 Sceptre of Might Armor P - an uncursed rustproof +4 dwarvish iron helm (being worn) Q - an uncursed thoroughly rusty +0 pair of gauntlets of power (being worn) o - an uncursed very burnt -2 pair of levitation boots v - an uncursed burnt +0 pair of speed boots (being worn) N - a blessed +5 shield of reflection (being worn) O - an uncursed thoroughly burnt rotted +4 elven cloak (being worn) j - a blessed +4 gray dragon scale mail (being worn) Comestibles n - an uncursed sprig of wolfsbane q - an uncursed partly eaten cockatrice corpse S - an uncursed cockatrice corpse (wielded) g - an uncursed lizard corpse named ALL RES Spellbooks u - the uncursed Book of the Dead Rings D - an uncursed ring of free action (on left hand) z - an uncursed -1 ring of protection J - an uncursed ring of shock resistance (on right hand) Wands y - a cursed wand of cancellation (0:5) p - a wand of death (2:1) d - a wand of digging (0:7) m - a wand of digging (0:1) r - a wand of digging (0:0) l - a cursed wand of fire (0:4) w - a wand of light (0:10) C - a blessed wand of locking (0:3) A - a wand of sleep (0:5) h - a blessed wand of speed monster (0:7) k - a cursed wand of speed monster (0:1) b - a wand of striking (0:6) x - a wand of striking (0:4) F - a wand of teleportation (0:3) B - a wand of teleportation (0:0) Tools t - a blessed greased bag of holding containing 46 items E - an empty uncursed bag of holding f - the Bell of Opening (0:2) Z - a can of grease (0:22) M - the uncursed Candelabrum of Invocation (0 of 7 candles attached) Y - a magic marker (1:12) U - an uncursed oil lamp (lit) s - an uncursed skeleton key V - an uncursed towel e - a blessed +0 unicorn horn Gems/Stones L - a blessed luckstone Contents of the bag of holding: a cursed +0 silver spear the rustproof +0 Sunsword a blessed +1 dwarvish cloak 2 uncursed food rations 2 uncursed lembas wafers 16 blessed scrolls of blank paper named blessed . 2 blessed scrolls of charging an uncursed scroll of confuse monster a blessed scroll of destroy armor 4 uncursed scrolls of destroy armor 2 uncursed scrolls of food detection 2 blessed scrolls of identify an uncursed scroll of light an uncursed scroll of magic mapping a blessed scroll of remove curse a blessed scroll of scare monster an uncursed scroll of scare monster a blessed scroll of stinking cloud an uncursed scroll of stinking cloud 2 blessed scrolls of teleportation named blessed . 2 uncursed scrolls of teleportation 2 uncursed potions of booze an uncursed diluted potion of full healing an uncursed potion of sickness an uncursed potion of speed 2 potions of holy water an uncursed ring of conflict an uncursed ring of fire resistance an uncursed +1 ring of increase damage an uncursed ring of sustain ability an uncursed ring of teleport control a wand of cold (0:0) a wand of cold (0:0) a wand of create monster (0:15) a wand of create monster (0:11) a wand of digging (0:5) a wand of digging (0:5) a wand of lightning named 1 (0:6) a wand of secret door detection (0:13) a blessed wand of slow monster (0:4) a wand of slow monster (0:6) a cursed bugle an expensive camera (0:68) a magic marker (1:1) an uncursed magic whistle an uncursed wax candle DoktorL the Caveman's attributes: Background: You were a Wayfarer, a level 15 dwarven Caveman. You were lawful, on a mission for Anu who was opposed by Ishtar (neutral) and Anshar (chaotic). You were right-handed. You were in the endgame, on the Astral Plane. You entered the dungeon 40475 turns ago. You had 207441 experience points, 112559 more were needed to attain level 16. Your score was 1128826 before end-of-game adjustments. Basics: You had 131 out of 184 hit points. You had all 6 energy points (spell power). Your armor class was -23. Your wallet was empty. Autopickup was on for '"?!=/' plus thrown, with exceptions. Final Characteristics: Your strength was 25 (base:16, peak:18/02, innate limit:18/100). Your dexterity was 17 (limit:20). Your constitution was 17 (peak:18, limit:20). Your intelligence was 9 (limit:16). Your wisdom was 14 (limit:16). Your charisma was 8 (limit:16). Final Status: You weren't hungry. You were unencumbered. You were wielding a corpse. Final Attributes: You were piously aligned. You were magic-protected. You were fire resistant. You were cold resistant. You were sleep resistant. You were shock resistant. Your items were protected from electric shocks. You were poison resistant. You saw invisible. You were telepathic. You were warned. You had infravision. You were sensing the presence of monsters. You were invisible to others. You were stealthy. You had a small defense bonus (+3). You were warded. You were very fast. You had reflection. You had free action. You were extremely lucky. You had extra luck. Good luck did not time out for you. You survived after being killed once. Miscellaneous: You disabled loading of bones levels. Total elapsed playing time was 9 hours, 11 minutes and 29 seconds. Major events: Turn 1: DoktorL the lawful dwarven Caveman entered the dungeon 1262: attained the rank of Aborigine (level 3) 1777: entered the Gnomish Mines 2046: reached Mine Town 4799: attained the rank of Wanderer (level 6) 7082: was bestowed with Sunsword by Anu 8253: entered the Bigroom 8396: entered Sokoban 9000: completed 2nd Sokoban level 9372: completed 3rd Sokoban level 11077: attained the rank of Vagrant (level 10) 11318: completed 4th Sokoban level 12171: acquired the Sokoban amulet of reflection 14274: acquired the Mines' End luckstone 21279: made his first wish - "2 holy charging", got "a scroll" 21282: wished for "holy greased bag of holding", got "a greased bag" 21944: wished for "marker", got "a magic marker" 23224: attained the rank of Wayfarer (level 14) 25120: wished for "2 cursed genocide", got "a scroll labeled TEMOV" 25420: wished for "marker", got "a magic marker" 25468: found the Sceptre of Might on the floor 25473: killed the Chromatic Dragon 25480: acquired the Bell of Opening 27333: killed Medusa 27540: entered Gehennom 28506: performed his first genocide (class L) 30093: destroyed Vlad the Impaler 30095: acquired the Candelabrum of Invocation 30494: killed Orcus 32865: bribed Asmodeus with 131 zorkmids for safe passage 33382: bribed Baalzebub with 132 zorkmids for safe passage 34058: killed Juiblex 37553: killed the Wizard of Yendor 37554: killed the Wizard of Yendor (2nd time) 37573: acquired the Book of the Dead 37762: performed the invocation 38014: killed the high priest of Moloch 38024: acquired The Amulet of Yendor 38787: killed the Wizard of Yendor (3rd time) 40058: entered the Elemental Planes 40058: entered Plane of Earth 40116: entered Plane of Air 40168: entered Plane of Fire 40207: entered Plane of Water 40271: entered the Astral Plane 40309: killed Famine 40342: killed Famine (2nd time) 40374: killed Pestilence 40401: killed Pestilence (2nd time) 40434: killed Death 40447: killed Death (2nd time) 40454: killed Pestilence (3rd time) 40474: averted death (petrified by tasting cockatrice meat) 40475: ascended Vanquished creatures: Orcus an erinys Juiblex the Wizard of Yendor (4 times) Death (twice) Pestilence (thrice) Famine (twice) Vlad the Impaler a high cleric a mastodon Medusa 6 krakens 3 iron golems 7 storm giants a titan a glass golem 5 balrogs the Chromatic Dragon 2 purple worms 7 gray dragons a gold dragon a silver dragon 2 red dragons 2 white dragons 3 orange dragons 2 black dragons 2 blue dragons 2 green dragons a yellow dragon 18 minotaurs a jabberwock 5 baluchitheria 15 Angels 2 demiliches a stone golem 3 master mind flayers an Olog-hai a Nazgul 2 pit fiends 4 hell hounds 4 displacer beasts 2 titanotheres a baby red dragon a baby white dragon 2 guardian nagas 5 genetic engineers a disenchanter 24 vampire leaders 3 skeletons 25 aligned clerics 4 captains 6 shades 4 liches 3 clay golems 3 nurses 7 ice devils 9 nalfeshnees an Aleax a frost giant 4 ettins 4 black puddings 32 vampires 5 lieutenants 42 ghosts a cave dweller a samurai a queen bee 2 winged gargoyles 3 mind flayers 3 giant mimics 6 long worms 3 zruties 2 fire giants 7 ogre tyrants 3 ice trolls 3 rock trolls 6 umber hulks 5 flesh golems 5 elven monarchs 4 doppelgangers 11 hezrous 5 bone devils 4 large mimics 7 wumpuses 8 fire vortices 11 stalkers 12 air elementals 5 fire elementals 9 earth elementals 3 water elementals 21 hill giants 10 xorns 13 giant zombies 11 elf-nobles 8 sergeants 2 water demons 4 barbed devils 5 vrocks 6 salamanders 10 wargs 2 winter wolves 6 hell hound pups 9 small mimics 3 glass piercers 2 warhorses 6 steam vortices 3 xans 3 ettin mummies 8 quantum mechanics 12 trolls 2 wood golems a marilith 4 sharks 7 gelatinous cubes 3 pyrolisks 3 freezing spheres 10 flaming spheres 8 shocking spheres 5 large cats 7 tigers 3 gargoyles a dwarf ruler 3 tengu 7 ochre jellies 7 leocrottas 7 energy vortices a mountain centaur 3 stone giants 6 elf mummies 5 human mummies 5 red nagas 2 green slimes a python a pit viper 2 cobras 31 wraiths 2 carnivorous apes 19 ettin zombies 2 leather golems 10 Grey-elves 54 soldiers 12 amorous demons 11 horned devils a chameleon a crocodile 10 giant beetles 7 quivering blobs 12 cockatrices 6 wolves 6 winter wolf cubs 6 lynxes 4 panthers 13 gremlins a spotted jelly 36 leprechauns 10 orc-captains 5 iron piercers 2 mumakil 10 giant spiders 4 scorpions a horse an ice vortex 4 black lights 6 vampire bats 2 forest centaurs a gnome ruler 5 orc mummies a dwarf mummy 9 ogres 17 brown puddings 6 rust monsters 10 owlbears 7 yetis a werewolf 20 Green-elves 3 piranha 12 giant eels 13 lizards 17 chickatrices 5 dingoes 2 housecats 4 jaguars a blue jelly a gray unicorn 3 black unicorns 6 dust vortices 18 ravens 3 plains centaurs 2 gnome mummies 10 snakes 9 water moccasins 13 apes 34 human zombies 4 rope golems 13 Woodland-elves 20 soldier ants 22 fire ants 47 bugbears 3 imps 3 quasits 4 wood nymphs 6 water nymphs 3 mountain nymphs 18 Mordor orcs 2 Uruk-hai 5 orc shamans 8 rock piercers 4 rock moles 6 ponies 8 fog clouds 8 yellow lights a shrieker 6 violet fungi 8 gnome leaders 3 gnomish wizards a kobold mummy 2 gray oozes 2 barrow wights 14 elf zombies 13 ghouls 5 paper golems 2 jellyfish 23 giant ants 2 little dogs 5 floating eyes 5 kittens 9 dwarves 4 homunculi 4 kobold leaders a kobold shaman 58 hill orcs 16 rothes 6 rabid rats 3 giant bats 2 monkeys 27 orc zombies 20 dwarf zombies a werejackal 10 iguanas 52 killer bees 3 acid blobs a coyote 10 hobbits 2 manes a large kobold 9 hobgoblins 2 orcs 8 giant rats 4 cave spiders 3 brown molds 4 yellow molds a green mold 2 red molds 28 gnomes a garter snake 19 gnome zombies 6 geckos 20 jackals 3 foxes a kobold 6 goblins 4 sewer rats 17 grid bugs 4 bats 4 lichens 17 kobold zombies 8 newts 1890 creatures vanquished. Genocided species: arch-liches master liches demiliches liches 4 species genocided. Voluntary challenges: You read items or engraved 94 times. You never engraved Elbereth. You genocided 4 types of monsters. You never polymorphed an object. You never changed form. You used 5 wishes. You did not wish for any artifacts. You did not violate any of the special Sokoban rules. Achievements: You entered a shop. You attained the rank of Aborigine. You entered the Gnomish Mines. You entered Minetown. You attained the rank of Wanderer. You entered the Big Room. You entered Sokoban. You attained the rank of Vagrant. You completed Sokoban. You completed the Gnomish Mines. You learned the tune to open and close the Castle's drawbridge. You attained the rank of Wayfarer. You entered a temple. You had the Bell of Opening. You defeated Medusa. You entered Gehennom. You had the Candelabrum of Invocation. You had the Book of the Dead. You gained access to Moloch's Sanctum. You reached the Elemental Planes. You reached the Astral Plane. You delivered the Amulet of Yendor. You ascended! The Elemental Planes: Astral Plane: <- You are here. Many temples and many altars. Plane of Water: Plane of Fire: Plane of Air: Plane of Earth: The Dungeons of Doom: levels 1 to 26 Level 1: One way stairs up to The Elemental Planes. Level 2: "V" Level 3: A general store. Level 4: "$" Stairs down to The Gnomish Mines. Level 5: "V" Level 6: "V n of <" Level 7: Level 8: Oracle of Delphi. Level 9: Stairs up to Sokoban, level 8. Level 10: "ELF WITH DIGGING" A very big room. Level 11: Level 12: "WWWW" Many graves. Level 13: "WWW" Many graves. Level 14: "llllll" Portal to The Quest. Level 15: A primitive area. Level 16: "W" Level 17: Level 18: "giga zoo" Level 19: Level 20: Level 21: Level 22: Many trees. Level 23: Level 24: Level 25: Level 26: A fountain. The castle. Connection to Gehennom. Gehennom: levels 27 to 46 Level 27: A temple and an altar, many graves. Valley of the Dead. Level 28: Level 29: Level 30: Level 31: Level 32: Some fountains. Level 33: Level 34: Level 35: Level 36: An altar, many graves. Level 37: Level 38: Stairs up to Vlad's Tower, level 37. Level 39: Level 40: Level 41: "TOWER" Level 42: Level 43: Level 44: Level 45: Level 46: A temple and an altar, many graves. Moloch's Sanctum. The Gnomish Mines: levels 5 to 13 Level 5: Level 6: Level 7: An altar to Anu, some fountains. Level 8: Level 9: Level 10: Level 11: Level 12: Level 13: The Quest: levels 1 to 5 Level 1: A temple and an altar to Anu. Completed quest for Shaman Karnov. Level 2: Level 3: Level 4: Level 5: Sokoban: levels 8 up to 5 Level 5: Solved. Level 6: Solved. Level 7: Solved. Level 8: Unsolved. Vlad's Tower: levels 37 up to 35 Level 35: Level 36: Level 37: Goodbye DoktorL the Demigod... You went to your reward with 2317652 points, The Sceptre of Might (worth 2500 zorkmids and 6250 points) The Bell of Opening (worth 5000 zorkmids and 12500 points) Sunsword (worth 1500 zorkmids and 3750 points) The Book of the Dead (worth 10000 zorkmids and 25000 points) The Candelabrum of Invocation (worth 5000 zorkmids and 12500 points) and 0 pieces of gold, after 40475 moves. You were level 15 with a maximum of 184 hit points when you ascended.